 Dungeon Crawl Stone Soup version 0.29.0-4-gdea44cf6ec (webtiles) character file.

Game seed: 17666299789033259815

1204 Zeldest the Schismatic (level 8, -1/42 HPs)
             Began as a Vine Stalker Abyssal Knight on Aug 27, 2022.
             Was an Elder of Lugonu.
             Succumbed to a water moccasin's poison
             ... on level 6 of the Dungeon.
             The game lasted 00:07:44 (4423 turns).

Zeldest the Schismatic (VSAK)                       Turns: 4423, Time: 00:07:44

Health: -1/42      AC:  5    Str: 15    XL:     8   Next: 45%
Magic:  11/13      EV: 13    Int: 10    God:    Lugonu [****..]
Gold:   256        SH:  0    Dex: 18    Spells: 7/7 levels left

rFire   . . .      SeeInvis .   A - +2 dagger (vamp)
rCold   + . .      Faith    .   (no shield)
rNeg    . . .      Spirit   +   g - +2 leather armour {rPois}
rPois   +          Reflect  .   (no helmet)
rElec   .          Harm     .   (no cloak)
rCorr   .          Rampage  .   (no gloves)
Will    +....                   (no boots)
Stlth   +.........              (no amulet)
HPRegen 0.94/turn               x - ring of protection from cold
MPRegen 0.13/turn               (no ring)

@: confused, lethally poisoned (-1 -> -17), ambrosia-drunk
A: fangs 3, regeneration 1, magic shield, antimagic bite, no potion heal 2
a: Renounce Religion, Depart the Abyss, Bend Space, Banish, Corrupt


You were on level 6 of the Dungeon.
You worshipped Lugonu.
Lugonu was greatly pleased with you.
You visited 2 branches of the dungeon, and saw 7 of its levels.
You visited the Abyss 1 time.

You collected 256 gold pieces.

Inventory:

Hand Weapons
 d - a +2 dagger of pain
 o - a +2 vorpal falchion
 A - a +2 vampiric dagger (weapon)
Armour
 g - a +2 leather armour of poison resistance (worn)
Jewellery
 x - a ring of protection from cold (left hand)
Wands
 r - a wand of flame (10)
Scrolls
 b - a scroll of blinking {unknown}
 h - a scroll of fear
 j - a scroll of amnesia
 k - a scroll of enchant armour {unknown}
 n - 2 scrolls of magic mapping
 s - a scroll of butterflies {unknown}
 t - a scroll of teleportation
 v - a scroll of identify
 w - 2 scrolls of vulnerability {unknown}
 y - a scroll of enchant weapon {unknown}
Potions
 a - 2 potions of mutation
 c - a potion of resistance {unknown}
 e - a potion of might {unknown}
 f - a potion of ambrosia
 i - 3 potions of brilliance
 l - a potion of flight {unknown}
 m - 3 potions of invisibility {unknown}
 p - a potion of curing {unknown}
 q - 3 potions of attraction {unknown}
 u - a potion of berserk rage {unknown}
 z - a potion of heal wounds {unknown}
 B - 2 potions of lignification {unknown}


   Skills:
 + Level 4.3 Fighting
 * Level 5.2 Short Blades
 - Level 1.5 Armour
 + Level 3.1 Dodging
 * Level 5.6 Invocations
 + Level 2.4 Evocations


You had 7 spell levels left.
You didn't know any spells.
Your spell library contained the following spells:

 Spells                   Type           Power      Damage    Failure   Level
 Static Discharge         Conj/Air       0%         3-3/arc   56%         2
 Call Canine Familiar     Summ           0%         N/A       80%         3
 Portal Projectile        Hex/Tloc       0%         N/A       80%         3
 Leda's Liquefaction      Hex/Erth       0%         N/A       99%         4
 Summon Ice Beast         Ice/Summ       0%         N/A       99%         4
 Lightning Bolt           Conj/Air       0%         1d11      100%        5
 Summon Mana Viper        Hex/Summ       0%         N/A       100%        5
 Monstrous Menagerie      Summ           0%         N/A       100%        7
 Maxwell's Capacitive Co  Air            0%         ∞         100%        8


Dungeon Overview and Level Annotations

Branches:
Dungeon (6/15)             Temple (1/1) D:4

Altars:
Ashenzari
Gozag
Sif Muna
Zin
The Shining One

Annotations:
Abyss:1 Duvessa


Innate Abilities, Weirdness & Mutations

You have razor-sharp teeth.
Your natural rate of healing is unusually fast.
When hurt, damage is shared between your health and your magic reserves.
Your bite disrupts and absorbs the magic of your enemies.
Potions cannot restore your health.


Message History

The water moccasin is heavily wounded.
The water moccasin bites you!
You hit the water moccasin.
The water moccasin is heavily wounded.
The water moccasin bites you.
You are poisoned.
The water moccasin poisons you!
You hit the water moccasin but do no damage.
Your bite misses the water moccasin.
The water moccasin is heavily wounded.
You feel sick. The water moccasin barely misses you.
You miss the water moccasin. Your bite misses the water moccasin.
The water moccasin is heavily wounded.
You feel sick. The water moccasin bites you.
You are more poisoned.
The water moccasin poisons you!
You closely miss the water moccasin.
The water moccasin is heavily wounded.
You feel very sick. The water moccasin closely misses you.
You miss the water moccasin. Your bite misses the water moccasin.
The water moccasin is heavily wounded.
You feel very sick. The water moccasin bites you.
* * * LOW HITPOINT WARNING * * *
You hit the water moccasin.
The water moccasin is severely wounded.
You feel sick. The water moccasin bites you.
* * * LOW HITPOINT WARNING * * *
You are lethally poisoned!
The water moccasin poisons you!
You hit the water moccasin.
You feel better.
You bite the water moccasin!
You kill the water moccasin!
Lugonu accepts your kill.
* * * LOW HITPOINT WARNING * * *
You feel very sick.
It was a potion of ambrosia.
You are confused.
Your system rejects the healing.
You feel invigorated.
You die...

#....#.#.####.#.#
#...<#.#.#..#.#.########
##.#.#.#.#.............#
#.#.#.#.######.######.#
#.#...#........# #.#
#.################ #.#
#.#.......##.....# #.#
#.# #.##.....####.# #.#
#..@.....'....# #.#
####.....###### #######


There were no monsters in sight!

Vanquished Creatures
  Menkaure (D:4)
  A water moccasin (D:6)
  2 ice beasts (D:5)
  A black bear (D:6)
  A sky beast (D:6)
  A bullfrog (D:4)
  A necrophage (D:4)
  A scorpion (D:4)
  A hound (D:5)
  A gnoll bouda (D:4)
  Jessica (D:2)
  Ijyb (D:4)
  3 orc wizards
  2 gnolls (D:5)
  2 adders (D:5)
  2 worms
  4 dart slugs
  10 orcs
  4 endoplasms
  3 giant cockroaches
  6 goblins
  4 hobgoblins
  7 quokkas
  5 ball pythons
  4 bats
  A frilled lizard (D:2)
  7 kobolds
  5 rats (D:1)
82 creatures vanquished.

Vanquished Creatures (collateral kills)
  Dowan (D:4)
  A kobold (D:5)
2 creatures vanquished.

Grand Total: 84 creatures vanquished

Notes
Turn   | Place    | Note
-------+----------+-------------------------------------------
     0 | Abyss:1  | Zeldest the Vine Stalker Abyssal Knight began the quest for
                  | the Orb.
     0 | Abyss:1  | Reached XP level 1. HP: 11/11 MP: 3/3
     1 | D:1      | Escaped the Abyss
   323 | D:1      | Reached XP level 2. HP: 14/16 MP: 4/4
   328 | D:1      | Found a faded altar of an unknown god.
   332 | D:1      | Reached skill level 1 in Dodging
   832 | D:1      | Reached XP level 3. HP: 15/19 MP: 5/5
  1561 | D:2      | Noticed Jessica
  1570 | D:2      | Killed Jessica
  1873 | D:2      | Gained mutation: Your natural rate of healing is unusually
                  | fast. [Vine Stalker growth]
  1873 | D:2      | Reached XP level 4. HP: 24/24 MP: 7/7
  2289 | D:2      | Reached *** piety under Lugonu
  2503 | D:3      | Found a glowing silver altar of Zin.
  2720 | D:3      | Reached XP level 5. HP: 28/28 MP: 8/8
  2991 | D:4      | Noticed Ijyb
  3021 | D:4      | Killed Ijyb
  3022 | D:4      | Reached XP level 6. HP: 17/32 MP: 4/9
  3096 | D:4      | Found a glowing golden altar of the Shining One.
  3196 | D:4      | Found a staircase to the Ecumenical Temple.
  3247 | D:4      | Noticed Duvessa
  3247 | D:4      | Noticed Dowan
  3275 | D:4      | Killed Dowan
  3292 | D:4      | Banished Duvessa
  3293 | D:4      | Reached skill level 1 in Evocations
  3293 | D:4      | Reached XP level 7. HP: 37/37 MP: 6/11
  3511 | D:4      | Noticed Menkaure
  3558 | D:4      | Killed Menkaure
  3624 | D:4      | Found a shimmering blue altar of Sif Muna.
  3653 | Temple   | Entered the Ecumenical Temple
  3665 | D:5      | Entered Level 5 of the Dungeon
  3990 | D:5      | Reached skill level 5 in Invocations
  4062 | D:5      | Gained mutation: You have razor-sharp teeth. [Vine Stalker
                  | growth]
  4062 | D:5      | Reached XP level 8. HP: 42/42 MP: 12/12
  4108 | D:5      | Reached **** piety under Lugonu
  4138 | D:5      | Noticed a kobold demonologist
  4141 | D:5      | Noticed a kobold demonologist
  4150 | D:5      | Noticed a rust devil
  4408 | D:6      | Reached skill level 5 in Short Blades
  4423 | D:6      | Succumbed to a water moccasin's poison

Illustrated notes

Levels and vault maps discovered:
D:1:      dpeg_arrival_signposts, layout_basic,
          shapermc_ecumenical_altar_mp_ritualfount
D:2:      layout_rooms, uniq_jessica
D:3:      layout_basic, zin_scriptorium
D:4:      layout_rooms, tso_metal_star, mainiacjoe_overflow_alcove_1,
          minmay_temple_entry_slanted, uniq_menkaure, uniq_duvessa,
          uniq_natasha, uniq_ijyb
D:5:      layout_basic
D:6:      layout_basic, uniq_prince_ribbit1
Temple:   nicolae_temple_hex_pool

Skill      XL: |  1  2  3  4  5  6  7  8 |
---------------+-------------------------+-----
Invocations    | 2 3 4 5 |  5.6
Short Blades   | 2 3 4 5 |  5.2
Dodging        | 1 2 3 |  3.1
Fighting       | 3 4 |  4.3
Evocations     | 1 2 |  2.4
Armour         | |  1.5

Action                   |  1- 3 |  4- 6 |  7- 9 || total
-------------------------+-------+-------+-------++-------
Melee: Short sword       |    19 |       |       ||    19
       Bite              |    14 |    51 |    69 ||   134
       Punch             |     1 |     2 |       ||     3
       Dagger            |    56 |   156 |   151 ||   363
Invok: Banish            |       |     1 |       ||     1
Evoke: Wand              |       |     2 |     1 ||     3
  Use: Scroll            |       |     6 |     2 ||     8
       Potion            |       |       |     1 ||     1
 Stab: Sleeping          |     2 |     2 |       ||     4
Armor: Leather armour    |    13 |    25 |    34 ||    72
Dodge: Dodged            |    34 |    63 |    66 ||   163
